 Dungeon Crawl Stone Soup version 0.28.0-45-g0d030f2227 (webtiles) character file.

Game seed: 10952817402180410789

384 protoss039 the Magician (level 6, -2/32 HPs)
             Began as a Deep Elf Air Elementalist on Apr 1, 2022.
             Killed by divine providence
             ... invoked by an orc priest
              (9 damage)
             ... on level 4 of the Dungeon.
             The game lasted 00:07:17 (3929 turns).

protoss039 the Magician (Deep Elf Air Elementalist) Turns: 3929, Time: 00:07:18

Health: -2/32      AC:  4    Str:  5    XL:     6   Next: 47%
Magic:  16/16      EV: 13    Int: 22    God:
Gold:   89         SH:  0    Dex: 15    Spells: 5/16 levels left

rFire   . . .      SeeInvis .   s - +2 short sword (speed)
rCold   + . .      Faith    .   (no shield)
rNeg    . . .      Spirit   .   i - +2 robe {rC+}
rPois   .          Reflect  .   (no helmet)
rElec   .          Harm     .   (no cloak)
rCorr   .          Rampage  .   (no gloves)
Will    .....                   (no boots)
Stlth   ++........              (no amulet)
HPRegen 0.10/turn               k - +4 ring of slaying
MPRegen 0.15/turn               (no ring)

@: no status effects
A: no striking features
a: no special abilities


You were on level 4 of the Dungeon.
You visited 1 branch of the dungeon, and saw 4 of its levels.

You collected 89 gold pieces.

Inventory:

Hand Weapons
 r - a +2 dagger of draining
 s - a +2 short sword of speed (weapon)
Missiles
 j - a throwing net
Armour
 i - a +2 robe of cold resistance (worn)
 q - a +2 robe of positive energy
Jewellery
 k - a +4 ring of slaying (left hand)
 m - a ring of ice
Scrolls
 b - 2 scrolls of identify {unknown}
 d - a scroll of amnesia {unknown}
 e - 2 scrolls of vulnerability {unknown}
 g - 3 scrolls of blinking {unknown}
 n - a scroll of fog {unknown}
 p - 2 scrolls of fear {unknown}
Potions
 a - a potion of flight {unknown}
 f - a potion of berserk rage {unknown}
 h - a potion of curing
 l - a potion of degeneration {unknown}
 o - a potion of haste {unknown}


   Skills:
 - Level 3.0 Dodging
 - Level 3.0 Stealth
 + Level 5.8 Spellcasting
 + Level 3.5 Conjurations
 + Level 4.9 Air Magic


You had 5 spell levels left.
You knew the following spells:

 Your Spells              Type           Power      Damage    Failure   Level
a - Shock                 Conj/Air       100%       1d9       1%          1
b - Static Discharge      Conj/Air       25%        N/A       2%          2
c - Swiftness             Air            28%        N/A       3%          3
d - Airstrike             Air            14%        N/A       12%         4
e - Apportation           Tloc           12%        N/A       10%         1

Your spell library contained the following spells:

 Spells                   Type           Power      Damage    Failure   Level
 Animate Skeleton         Necr           12%        N/A       10%         1
 Summon Small Mammal      Summ           24%        N/A       10%         1
 Blink                    Tloc           12%        N/A       14%         2
 Manifold Assault         Tloc           6%         N/A       95%         5
 Storm Form               Tmut/Air       8%         N/A       100%        7


Dungeon Overview and Level Annotations

Branches:
Dungeon (4/15)
 Temple: D:4-7

Altars:

Shops:
D:3 :

Annotations:
D:2 1 exclusion


Message History

Pain shoots through your body!
There is an open door here.
The orc wizard casts a spell at you.
You are confused.
The orc priest shouts!
Unknown command.
Unknown command.
You bump into the rock wall.
The orc wizard shouts!
An endoplasm comes into view.
The orc wizard casts a spell at you. The magic dart hits you!
Unknown command.
Unknown command.
It was a potion of curing.
You feel better.
The orc wizard points at you and mumbles some strange words.
The magic dart hits you.
The orc priest mumbles some strange prayers to Beogh against you.
Beogh smites you!
* * * LOW HITPOINT WARNING * * *
The orc wizard mumbles some strange words.
The orc wizard flickers and vanishes!
Deactivating autopickup; reactivate with Ctrl-A.
Unknown command.
Unknown command.
Unknown command.
You feel better.
A magic dart appears from out of thin air!
The magic dart hits you.
* * * LOW HITPOINT WARNING * * *
Unknown command.
Unknown command.
Unknown command.
Okay, then.
The orc priest hits you but does no damage.
There is an open door here.
The orc wizard misses you.
The orc priest mumbles some strange prayers to Beogh against you.
Beogh smites you!
You die...

(......###.#
...........#
...........#
.......[...#
######.....#
#..J..#
#..{o####
#....o..#
#....##@#
#######.# #.#
#.# #.# #.#
#.#### #....#
########.#####


You could see an orc priest, an orc wizard and an endoplasm.

Vanquished Creatures
  A black bear (D:4)
  A centaur (D:3)
  3 orc wizards
  3 adders
  5 worms
  4 dart slugs
  6 orcs
  4 ball pythons
  7 endoplasms
  3 giant cockroaches
  6 goblins
  9 hobgoblins
  4 jackals (D:3)
  3 quokkas
  7 bats
  A frilled lizard (D:2)
  11 kobolds
  3 rats
81 creatures vanquished.

Vanquished Creatures (others)
  18 plants (D:4)
18 creatures vanquished.

Grand Total: 99 creatures vanquished

Notes
Turn   | Place    | Note
-------+----------+-------------------------------------------
     0 | D:1      | protoss039 the Deep Elf Air Elementalist began the quest
                  | for the Orb.
     0 | D:1      | Reached XP level 1. HP: 10/10 MP: 6/6
   322 | D:1      | Reached XP level 2. HP: 5/15 MP: 0/8
  1123 | D:1      | Reached XP level 3. HP: 19/19 MP: 6/9
  1429 | D:1      | Learned a level 2 spell: Static Discharge
  1433 | D:1      | Learned a level 3 spell: Swiftness
  1536 | D:2      | Found a faded altar of an unknown god.
  2155 | D:2      | Learned a level 1 spell: Apportation
  2156 | D:3      | Noticed a centaur
  2331 | D:3      | Reached XP level 4. HP: 23/24 MP: 11/11
  2367 | D:3      | Reached skill level 4 in Spellcasting
  2481 | D:3      | Found Gubirphia's Book Shoppe.
  2898 | D:3      | Reached XP level 5. HP: 28/28 MP: 11/13
  3212 | D:3      | Learned a level 4 spell: Airstrike
  3219 | D:3      | Killed a centaur
  3220 | D:3      | Reached skill level 5 in Spellcasting
  3527 | D:4      | Reached XP level 6. HP: 24/32 MP: 3/16
  3929 | D:4      | Killed from afar by an orc priest

Illustrated notes

Levels and vault maps discovered:
D:1:      tarquinn_simple_flora_water_f, layout_basic, hangedman_decor_points,
          minmay_tromino_mix6
D:2:      layout_loops_ring, dreamdust_ecumenical_altar_statues, minmay_tripent
D:3:      layout_rooms, serial_shops, shop_statue
D:4:      layout_basic, amcnicky_mini_corridor_feature, serial_bayou_pond_c,
          grunt_ministairs_13

Skill      XL: |  1  2  3  4  5 |
---------------+----------------+-----
Dodging        | 3 |  3.0
Stealth        | 3 |  3.0
Spellcasting   | 4 5 |  5.8
Conjurations   | 2 3 |  3.5
Air Magic      | 4 |  4.9

Action                   |  1- 3 |  4- 6 || total
-------------------------+-------+-------++-------
Melee: Whip              |     5 |       ||     5
       Short sword       |    38 |    29 ||    67
       Unarmed           |     1 |       ||     1
 Cast: Shock             |    65 |    44 ||   109
       Static Discharge  |     4 |    13 ||    17
       Airstrike         |       |     3 ||     3
       Swiftness         |       |     1 ||     1
  Use: Potion            |       |     2 ||     2
 Stab: Sleeping          |     7 |       ||     7
Armor: Robe              |     9 |    10 ||    19
Dodge: Dodged            |    35 |    23 ||    58
